 Dungeon Crawl Stone Soup version 0.20.0-15-g7f486f2 (console) character file.

7952 removed the Nimble (level 11, -2/58 HPs)
             Began as a Spriggan Necromancer on June 9, 2017.
             Was a High Priest of Dithmenos.
             Killed by divine providence
             ... invoked by an orc priest
              (12 damage)
             ... on level 9 of the Dungeon.
             The game lasted 00:28:01 (15905 turns).

removed the Nimble (Spriggan Necromancer)          Turns: 15905, Time: 00:28:01

Health: -2/58      AC:  4    Str:  1    XL:     11   Next: 3%
Magic:  0/24       EV: 31    Int: 21    God:    Dithmenos [*****.]
Gold:   421        SH:  0    Dex: 27    Spells: 22/26 levels left

rFire    + . .     SeeInvis +   a - +2 fustibalus (freeze)
rCold    . . .     Gourm    +   (shield restricted)
rNeg     . . .     Faith    .   R - +2 robe {MR+}
rPois    .         Spirit   .   (helmet restricted)
rElec    .         Reflect  .   (no cloak)
rCorr    .         Harm     .   (gloves unavailable)
MR       ++...                  (boots unavailable)
Stlth    +++++.....             K - amulet of the gourmand
Regen    0.2/turn               S - +4 ring of dexterity
MPRegen  0.2/turn               D - ring "Pontomui" {rF+ Str-3 Dex+7}

@: lethally poisoned (-2 -> -3), wreathed by umbra, very quick
A: unfitting armour, see invisible, herbivore 3, speed 3, slow metabolism 2
a: Shadow Step, Shadow Form, Renounce Religion


You were on level 9 of the Dungeon.
You worshipped Dithmenos.
Dithmenos was extremely pleased with you.
You were full.

You visited 1 branch of the dungeon, and saw 10 of its levels.
You also visited: Sewer.

You collected 421 gold pieces.

Inventory:

Hand Weapons
 a - a +2 fustibalus of freezing (weapon)
 k - a +0 dagger
 v - a +3 falchion of electrocution
 N - a +0 rapier of venom
Missiles
 C - 2 throwing nets
 F - 281 stones (quivered)
 I - 58 sling bullets
Armour
 R - a +2 robe of magic resistance (worn)
Jewellery
 n - an uncursed ring of resist corrosion
 A - an uncursed ring of resist corrosion
 D - the ring "Pontomui" (right hand) {rF+ Str-3 Dex+7}
   (You found it on level 8 of the Dungeon)

   [ring of protection from fire]

   It affects your strength (-3).
   It affects your dexterity (+7).
   It protects you from fire.
 K - an amulet of the gourmand (around neck)
 S - a +4 ring of dexterity (left hand)
Wands
 x - a wand of confusion (44/48)
 J - a wand of acid (3/15)
Scrolls
 d - 4 scrolls of remove curse
 g - 2 scrolls of recharging
 l - 2 scrolls of random uselessness
 m - 5 scrolls of teleportation
Potions
 h - 3 potions of brilliance
 j - a potion of might
 o - a potion of heal wounds {unknown}
 p - 2 potions of haste
 r - a potion of curing {unknown}
 t - a potion of degeneration {unknown}
 w - a potion of flight {unknown}
 B - a potion of magic {unknown}
 H - a potion of agility {unknown}
 L - a potion of mutation {unknown}
 Q - a potion of invisibility {unknown}
 T - a potion of berserk rage {unknown}
Books
 b - a book of Necromancy

   Spells                             Type                      Level
   a - Pain                           Necromancy                   1
   b - Animate Skeleton               Necromancy                   1
   c - Vampiric Draining              Necromancy                   3
   d - Regeneration                   Charms/Necromancy            3
   e - Animate Dead                   Necromancy                   4
   f - Control Undead                 Necromancy                   4
Comestibles
 c - 4 bread rations
 f - 7 fruits
 z - 2 royal jellies


   Skills:
 - Level 7.5 Fighting
 + Level 10.2 Slings
 - Level 10.9 Dodging
 - Level 3.0 Stealth
 - Level 8.0 Spellcasting
 - Level 7.0 Necromancy


You had 22 spell levels left.
You knew the following spells:

 Your Spells              Type           Power        Failure   Level  Hunger
a - Pain                  Necr           ####         1%          1    None
b - Vampiric Draining     Necr           #####.....   1%          3    None


Dungeon Overview and Level Annotations

Branches:
Dungeon (10/15)            Temple (0/1) D:6
   Lair: D:8-11         Orc: D:9-12

Altars:
Ashenzari
Dithmenos
Okawaru

Annotations:
D:8 Gastronok


Innate Abilities, Weirdness & Mutations

You are very small and have problems with some larger weapons.
You are too small for most types of armour.
You have supernaturally acute eyesight. (SInv)
You are a herbivore.
You cover ground extremely quickly.
You need consume almost no food.


Message History

Aim: a killer bee (almost dead, umbra)
You shoot a stone. The stone hits the killer bee.
The stone freezes the killer bee.
You kill the killer bee!
Dithmenos accepts your kill.
You can now transform into a swirling mass of shadows.
Your shadow shoots a stone.
The stone barely misses the orc priest.
The stone disappears in a puff of smoke!
The orc priest invokes the aid of Beogh against you.
Beogh smites you!
* * * LOW HITPOINT WARNING * * *
Firing (i - inventory. (,) - cycle):
F - 282 stones (quivered)
Press: ? - help, Shift-Dir - straight line, f - orc priest
Aim: an orc priest, wielding a dagger (umbra)
You shoot a stone. The stone hits the orc priest.
The stone freezes the orc priest.
The orc priest is lightly wounded.
The orc priest invokes the aid of Beogh against you.
Beogh smites you!
You die...

########).....#.........######÷.
####......########..........
#.........# #..######..
#.........# ##.# #..
#...###.###########.### #.. #.(.#
#...............# #.. #(..#
#############..## #..
######...###############..# #..
........(...)o.(@.........# #..
######...################.#####.#
#.(.#.............#.....#...
####.).#.............#..[#.#..#
........).o...........#.#.#.#..#
..########†............#.#...#..#
..########.............#.##..#...
........##.............#.##..#...
.#......##.............#.##..#...


You could see an orc priest.

Vanquished Creatures
  Erica (D:8)
  4 two-headed ogres
  A troll (D:9)
  Grinder (D:5)
  A wyvern (D:8)
  Menkaure (D:4)
  Edmund (D:4)
  2 orc warriors
  An ice beast (D:7)
  3 sky beasts
  4 ogres
  3 phantoms
  A black bear (D:10)
  A necrophage (D:9)
  2 centaurs
  A crocodile (D:9)
  A big kobold (D:9)
  4 bullfrogs
  A wyvern skeleton (D:8)
  3 scorpions
  10 killer bees
  4 howler monkeys
  2 crimson imps
  A bullfrog zombie (D:5)
  6 hounds
  A jelly (D:7)
  9 orc wizards
  A gnoll shaman (D:7)
  4 orc priests
  A centaur skeleton (D:4)
  5 iguanas
  Jessica (D:2)
  3 worker ants
  A hound skeleton (D:4)
  A worker ant zombie (D:6)
  8 gnolls
  9 adders
  An ooze (D:1)
  An adder zombie (D:6)
  4 worms
  3 dart slugs (D:2)
  6 leopard geckos
  39 orcs
  8 bats
  15 giant cockroaches
  11 hobgoblins
  6 jackals
  4 ball pythons
  11 frilled lizards
  11 goblins
  10 kobolds
  A leopard gecko skeleton (D:5)
  5 rats
240 creatures vanquished.

Vanquished Creatures (others)
  A howler monkey skeleton (D:7)
1 creature vanquished.

Grand Total: 241 creatures vanquished

Notes
Turn   | Place    | Note
-------+----------+-------------------------------------------
     0 | D:1      | removed the Spriggan Necromancer began the quest for the Orb.
     0 | D:1      | Reached XP level 1. HP: 9/9 MP: 5/5
   624 | D:1      | Reached XP level 2. HP: 11/13 MP: 5/7
  1557 | D:2      | Noticed Jessica
  1562 | D:2      | Killed Jessica
  1562 | D:2      | Reached XP level 3. HP: 1/16 MP: 2/9
  2060 | D:2      | Found a shadowy altar of Dithmenos.
  2086 | D:2      | Became a worshipper of Dithmenos the Shadowed
  2589 | D:2      | Reached XP level 4. HP: 21/21 MP: 8/10
  3113 | D:3      | Reached * piety under Dithmenos
  3449 | D:3      | Reached skill level 5 in Necromancy
  3681 | D:3      | Reached XP level 5. HP: 21/24 MP: 8/12
  3739 | D:3      | Learned a level 3 spell: Vampiric Draining
  4168 | D:3      | Reached skill level 5 in Spellcasting
  4641 | D:3      | Reached XP level 6. HP: 9/28 MP: 0/15
  4958 | D:3      | Found a faded altar of an unknown god.
  5246 | D:3      | Found an iron altar of Okawaru.
  5419 | D:4      | Found a glowing drain.
  5426 | D:4      | Reached ** piety under Dithmenos
  5722 | Sewer    | Entered a sewer
  6331 | D:4      | Reached XP level 7. HP: 21/32 MP: 6/17
  6557 | D:4      | Noticed Edmund
  6587 | D:4      | Killed Edmund
  7272 | D:5      | Entered Level 5 of the Dungeon
  7412 | D:5      | Noticed Grinder
  7637 | D:5      | Reached XP level 8. HP: 35/36 MP: 18/21
  7751 | D:6      | Reached skill level 5 in Dodging
  7756 | D:6      | Reached *** piety under Dithmenos
  8608 | D:6      | Found a staircase to the Ecumenical Temple.
  9574 | D:7      | Reached skill level 10 in Dodging
  9590 | D:7      | Reached XP level 9. HP: 10/39 MP: 1/22
  9842 | D:7      | Reached skill level 1 in Fighting
 10612 | D:8      | Noticed Erica
 10630 | D:8      | Killed Erica
 10638 | D:8      | Got a scintillating wooden ring
 10639 | D:8      | Identified the ring "Pontomui" {rF+ Str-3 Dex+7} (You found it on level 8 of the Dungeon)
 10970 | D:8      | Reached skill level 5 in Fighting
 11109 | D:8      | Noticed a two-headed ogre
 11201 | D:8      | Killed a two-headed ogre
 11264 | D:8      | You fall through a shaft for 2 floors!
 11264 | D:10     | Entered Level 10 of the Dungeon
 11370 | D:10     | Noticed a two-headed ogre
 11445 | D:10     | Killed a two-headed ogre
 11445 | D:10     | Reached XP level 10. HP: 17/55 MP: 8/23
 11724 | D:10     | Reached skill level 1 in Slings
 12045 | D:9      | Noticed a two-headed ogre
 12096 | D:9      | Killed a two-headed ogre
 12096 | D:9      | Reached skill level 5 in Slings
 12264 | D:9      | Reached **** piety under Dithmenos
 12617 | D:8      | Noticed Gastronok
 13568 | D:4      | Noticed Menkaure
 13576 | D:4      | Killed Menkaure
 14079 | D:5      | Found a shattered altar of Ashenzari.
 14190 | D:5      | Paralysed by Grinder for 3 turns
 14208 | D:5      | Paralysed by Grinder for 2 turns
 14216 | D:5      | Paralysed by Grinder for 4 turns
 14248 | D:5      | Killed Grinder
 15175 | D:8      | Noticed a two-headed ogre
 15212 | D:8      | Killed a two-headed ogre
 15871 | D:9      | Reached skill level 10 in Slings
 15871 | D:9      | Reached XP level 11. HP: 40/58 MP: 17/24
 15904 | D:9      | Reached ***** piety under Dithmenos
 15905 | D:9      | Killed from afar by an orc priest

Skill      XL: |  1  2  3  4  5  6  7  8  9 10 |
---------------+-------------------------------+-----
Spellcasting   | 3 4 5 6 8 |  8.0
Necromancy     | 4 5 6 7 |  7.0
Dodging        | 10 | 10.9
Fighting       | 7 |  7.5
Slings         | 10 | 10.2
Stealth        | |  3.0

Action                   |  1- 3 |  4- 6 |  7- 9 | 10-12 || total
-------------------------+-------+-------+-------+-------++-------
Melee: Unarmed           |     1 |       |       |       ||     1
       Dagger            |       |       |    30 |       ||    30
 Fire: Fustibalus        |       |       |       |   180 ||   180
 Cast: Pain              |    75 |   191 |   317 |   188 ||   771
       Vampiric Draining |       |     3 |    10 |     4 ||    17
Evoke: Wand              |       |       |     5 |       ||     5
  Use: Scroll            |       |       |    10 |     6 ||    16
 Stab: Confused          |       |       |     3 |       ||     3
  Eat: Fruit             |       |     1 |       |       ||     1
       Royal jelly       |       |     1 |       |       ||     1
       Bread ration      |       |       |     1 |     1 ||     2
Armor: Robe              |     1 |     6 |     7 |     1 ||    15
Dodge: Dodged            |    14 |    43 |   160 |   105 ||   322
